 Dungeon Crawl Stone Soup version 0.31.0-11-ge490571c62 (webtiles) character file.

Game seed: 13937035801947502741

18 Bravepunisher the Ducker (level 2, -2/16 HPs)
             Began as a Spriggan Monk on Jan 28, 2024.
             Succumbed to a water moccasin's poison
             ... on level 5 of the Dungeon.
             The game lasted 00:03:07 (567 turns).

Bravepunisher the Ducker (Spriggan Monk)             Turns: 567, Time: 00:03:07

Health: -2/16      AC:  2    Str:  7    XL:     2   Next: 48%
Magic:  3/3        EV: 19    Int: 11    God:
Gold:   17         SH:  0    Dex: 17    Spells: 1/1 levels left

rFire   . . .        a - +0 short sword
rCold   . . .        (no shield)
rNeg    . . .        b - +0 robe
rPois   .            (helmet restricted)
rElec   .            (no cloak)
rCorr   .            (gloves unavailable)
SInv    +            (boots unavailable)
Will    .....        (no amulet)
Stlth   ++           (no ring)
HPRegen 0.22/turn    (no ring)
MPRegen 0.08/turn

%: no passive effects
@: lethally poisoned (-2 -> -26), very quick
A: very small, no large weapons, unfitting armour, see invisible, speed 3
a: no special abilities


You were on level 5 of the Dungeon.
You visited 1 branch of the dungeon, and saw 7 of its levels.

You collected 17 gold pieces.

Inventory:

Hand Weapons
 a - a +0 short sword (weapon)
Armour
 b - a +0 robe (worn)
Scrolls
 e - a scroll of identify {unknown}
Potions
 c - a potion of ambrosia
 d - a potion of enlightenment {unknown}
 f - a potion of magic {unknown}
 g - a potion of lignification {unknown}


   Skills:
 * Level 3.0 Fighting
 - Level 3.2 Short Blades
 + Level 4.4 Dodging


You had one spell level left.
You didn't know any spells.
Your spell library was empty.

Dungeon Overview and Level Annotations

Branches:
Dungeon (7/15)
 Temple: D:4-7

Altars:

Annotations:
D:4 Edmund


Innate Abilities, Weirdness & Mutations

You are very small and have problems with some larger weapons.
You are too small for most types of armour.
You have supernaturally acute eyesight. (SInv)
You cover ground extremely quickly. (Speed+++)


Message History

Found a stone staircase leading up.
There is an open door here.
There is a stone staircase leading up here.
You climb upwards.
The hound barks!
There is a stone staircase leading down here.
You climb downwards.
There is a stone staircase leading up here.
There is an open door here.
There is a stone staircase leading up here.
You climb upwards.
There is a stone staircase leading down here. 3 kobolds come into view.
Found a stone staircase leading up.
There is a stone staircase leading up here.
You climb upwards.
Found 6 stones.
There is a stone staircase leading down here.
A black bear and a scorpion come into view.
Found 4 poisoned darts.
A jelly comes into view.
The jelly moves out of view.
The jelly quivers.
Found 5 poisoned darts.
Found 5 stones.
A water moccasin comes into view.
The water moccasin hisses angrily.
The water moccasin bites you.
You are lethally poisoned!
The water moccasin poisons you!
You feel very sick.
You feel sick.
The water moccasin completely misses you.
You feel sick. The water moccasin bites you.
You are more poisoned.
The water moccasin poisons you!
* * * LOW HITPOINT WARNING * * *
You feel very sick. The water moccasin closely misses you.
You die...

................##
................#
................#
................#########
........................#
...........s.J..........#
....(...........S.......#
.....(...........########
#.
.........#######@#######
#.# ######...# #........
#.# #...#
######..#######.# #...#
##.......#.## #...#
#...........# #...#
#............ #####
#....#.......
#.<..##..#...
########.....


You could see a water moccasin, a scorpion and a jelly.

Vanquished Creatures
  2 ball pythons
  2 endoplasms (D:4)
  A giant cockroach (D:4)
  2 goblins (D:4)
  A hobgoblin (D:4)
  A jackal (D:4)
  A kobold (D:1)
  A quokka (D:4)
  2 bats (D:1)
  A rat (D:1)
14 creatures vanquished.

Notes
Turn   | Place    | Note
-------+----------+-------------------------------------------
     0 | D:1      | Bravepunisher the Spriggan Monk began the quest for the
                  | Orb.
     0 | D:1      | Reached XP level 1. HP: 11/11 MP: 2/2
   209 | D:4      | Reached XP level 2. HP: 13/16 MP: 3/3
   358 | D:4      | Noticed Edmund
   362 | D:5      | Entered Level 5 of the Dungeon
   374 | D:5      | Noticed an ice beast
   524 | D:5      | Noticed a black bear
   524 | D:5      | Noticed a scorpion
   557 | D:5      | Noticed a water moccasin
   567 | D:5      | Succumbed to a water moccasin's poison

Illustrated notes

Levels and vault maps discovered:
D:1:      ncdulo_smallfort, layout_basic, dreamdust_princess_corridor
D:2:      layout_loops_cross, serial_bayou, serial_bayou_pond_c,
          serial_bayou_shore_a, serial_bayou_shore_b, serial_bayou_shore_b,
          hangedman_decor_diamond_cutter
D:3:      minmay_chambers_of_twos, layout_basic,
          hellmonk_ecumenical_altar_heavens_door, minmay_pentomino_pile
D:4:      layout_cave_pools, serial_library_hellmonk_filled_rooms,
          grunt_tough_drop, uniq_pargi, uniq_edmund
D:5:      layout_basic
D:6:      layout_basic, serial_shops, shop, shop, shop, kennysheep_mini
D:7:      layout_loops_corners, mainiacjoe_overflow_catch_the_wave,
          minmay_temple_entry_junction, hangedman_abyss_or_decor_lesser_grid

Skill      XL: |  1  2 |
---------------+-------+-----
Fighting       | 3 |  3.0
Short Blades   | |  3.2
Dodging        | |  4.4

Action                     || total
---------------------------++-------
  Melee: Short sword       ||    57
         Punch             ||     1
   Stab: Sleeping          ||     1
 Armour: Robe              ||    18
  Dodge: Dodged            ||    39
